 Dungeon Crawl Stone Soup version 0.29.1-12-g30fa7ad0bf (webtiles) character file.

Game seed: 17972345115506281893

450 xzight the Cleaver (level 7, -8/61 HPs)
             Began as a Hill Orc Fighter on Dec 27, 2022.
             Mangled by Menkaure (16 damage)
             ... on level 5 of the Dungeon.
             The game lasted 00:05:19 (4774 turns).

xzight the Cleaver (Hill Orc Fighter)               Turns: 4774, Time: 00:05:20

Health: -8/61      AC: 11    Str: 21    XL:     7   Next: 4%
Magic:  7/7        EV:  5    Int:  8    God:
Gold:   331        SH:  4    Dex: 10    Spells: 6/6 levels left

rFire   . . .      SeeInvis .   a - +0 war axe
rCold   . . .      Faith    .   c - +0 buckler
rNeg    . . .      Spirit   .   e - +0 plate armour
rPois   .          Reflect  .   (no helmet)
rElec   .          Harm     .   (no cloak)
rCorr   .          Rampage  .   (no gloves)
Will    .....                   (no boots)
Stlth   ..........              (no amulet)
HPRegen 0.20/turn               (no ring)
MPRegen 0.10/turn               (no ring)

@: no status effects
A: no striking features
a: no special abilities


You were on level 5 of the Dungeon.
You visited 1 branch of the dungeon, and saw 5 of its levels.

You collected 331 gold pieces.


   Skills:
 * Level 5.0 Fighting
 - Level 8.0 Axes
 + Level 3.9 Armour
 + Level 4.0 Shields


You had 6 spell levels left.
You didn't know any spells.
Your spell library contained the following spells:

 Spells                   Type           Power      Damage    Failure   Level
 Ensorcelled Hibernation  Hex/Ice        0%         N/A       100%        2
 Passwall                 Tmut/Erth      0%         N/A       100%        2
 Swiftness                Air            0%         N/A       100%        3
 Hailstorm                Conj/Ice       0%         3d3       100%        4
 Ice Form                 Ice/Tmut       0%         N/A       100%        4
 Simulacrum               Ice/Necr       0%         N/A       100%        6

Inventory:

Hand Weapons
 a - a +0 war axe (weapon)
Armour
 c - a +0 buckler (worn)
 e - a +0 plate armour (worn)
Jewellery
 o - an amulet of guardian spirit
Wands
 b - a wand of acid (6)
Scrolls
 g - a scroll of brand weapon {unknown}
 h - 2 scrolls of teleportation {unknown}
 i - 2 scrolls of silence {unknown}
 l - 2 scrolls of enchant armour {unknown}
 m - a scroll of immolation {unknown}
 n - a scroll of torment {unknown}
 p - a scroll of enchant weapon {unknown}
 r - a scroll of blinking {unknown}
 t - a scroll of poison {unknown}
 w - a scroll of noise {unknown}
 x - a scroll of identify {@r1}
Potions
 d - a potion of might
 f - 2 potions of magic
 j - a potion of resistance
 k - 2 potions of haste {@q3}
 q - 3 potions of mutation
 s - a potion of attraction {unknown}
 u - a potion of flight {unknown}
 v - a potion of cancellation {unknown}

Dungeon Overview and Level Annotations

Branches:
Dungeon (5/15)
 Temple: D:4-7

Altars:
Nemelex Xobeh
Xom
Yredelemnul
Zin

Annotations:
D:5 Menkaure

▒▒°.§▒▒...▒▒☼☼☼
▒.§§§.▒...▒..°§
▒▒..○▒▒.⌠.▒▒§☼.
▒▒▒.▒▒▒...▒▒▒.▒ .
▒▒▒▒▒▒▒...▒▒▒▒▒
#.#▒▒▒▒▒▒▒▒'''▒▒▒▒▒
........#.....#
▒##.......M#######.#
#.#+#......@......>#
##...##▒.......####.#
+......#...)...#
#......#..######
.......#..#
.......'..#
.......#..#
#......#..#######
+......##.#.....#


You could see Menkaure.


Message History

There is an open door here.
You open the gate.
There is an open gate here.
Found a sparkling altar of Nemelex Xobeh.
Menkaure, Prince of Dust comes into view.
Menkaure calls on the powers of darkness!
Your body is wracked with pain!
There is an open gate here.
Found a stone staircase leading down.
You start resting.
Menkaure is nearby!
Menkaure hits you!
* * * LOW HITPOINT WARNING * * *
You are too injured to fight recklessly!
You are too injured to fight recklessly!
You are too injured to fight recklessly!
You barely miss Menkaure. Menkaure hits you!
* * * LOW HITPOINT WARNING * * *
You barely miss Menkaure. Menkaure hits you.
* * * LOW HITPOINT WARNING * * *
You barely miss Menkaure.
Menkaure calls on the powers of darkness!
Your body is wracked with pain!
* * * LOW HITPOINT WARNING * * *
You hit Menkaure but do no damage. Menkaure hits you but does no damage.
You barely miss Menkaure. You block Menkaure's attack.
You slice Menkaure!!
Menkaure is severely damaged.
Menkaure hits you!
You die...

Skill      XL: |  1  2  3  4  5  6 |
---------------+-------------------+-----
Axes           | 3 4 5 6 8 |  8.0
Fighting       | 5 |  5.0
Shields        | 4 |  4.0
Armour         | |  3.9

Action                   |  1- 3 |  4- 6 |  7- 9 || total
-------------------------+-------+-------+-------++-------
Melee: War axe           |   100 |   110 |     7 ||   217
  Use: Scroll            |       |     4 |       ||     4
Armor: Scale mail        |    34 |    29 |       ||    63
       Plate armour      |       |    56 |     1 ||    57
Dodge: Dodged            |    43 |    48 |       ||    91
Block: Buckler           |    23 |    26 |     1 ||    50

Levels and vault maps discovered:
D:1:      dpeg_arrival_tiny_h, layout_basic,
          dreamdust_ecumenical_altar_drowned_temple
D:2:      layout_rooms, basic_altar, serial_curves, eino_curves_01,
          eino_curves_02, eino_curves_02
D:3:      layout_loops_ring, minmay_strange_pillars
D:4:      layout_layer_cave, lemuel_zombie_altar_yredelemnul,
          mainiacjoe_overflow_alcove_2, uniq_ijyb
D:5:      nicolae_cairo_tiling_very_big, layout_basic, nemelex_altar_shiori,
          solitary_fountain, uniq_menkaure, uniq_crazy_yiuf_cottage

Notes
Turn   | Place    | Note
-------+----------+-------------------------------------------
     0 | D:1      | xzight the Hill Orc Fighter began the quest for the Orb.
     0 | D:1      | Reached XP level 1. HP: 19/19 MP: 1/1
   144 | D:1      | Reached skill level 3 in Axes
   279 | D:1      | Reached XP level 2. HP: 24/26 MP: 2/2
   286 | D:1      | Reached skill level 4 in Axes
   545 | D:1      | Found a faded altar of an unknown god.
   569 | D:1      | Reached XP level 3. HP: 31/31 MP: 3/3
  1273 | D:2      | Found a glowing silver altar of Zin.
  1461 | D:2      | Reached skill level 5 in Axes
  2042 | D:3      | HP: 2/31 [gnoll/+0 club (3)]
  2054 | D:3      | Reached XP level 4. HP: 4/39 MP: 4/4
  2371 | D:3      | Reached skill level 6 in Axes
  3067 | D:3      | Identified a potion of resistance
  3300 | D:4      | Noticed Ijyb
  3309 | D:4      | Killed Ijyb
  3310 | D:4      | Reached XP level 5. HP: 42/45 MP: 5/5
  3360 | D:4      | Noticed a black bear
  3386 | D:4      | Killed a black bear
  3387 | D:4      | Reached skill level 7 in Axes
  3546 | D:4      | Reached skill level 8 in Axes
  3546 | D:4      | Reached XP level 6. HP: 52/52 MP: 6/6
  3560 | D:4      | Reached skill level 4 in Fighting
  4039 | D:4      | Found a shimmering altar of Xom.
  4254 | D:4      | Found a basalt altar of Yredelemnul.
  4452 | D:5      | Entered Level 5 of the Dungeon
  4551 | D:5      | Reached skill level 5 in Fighting
  4551 | D:5      | Reached skill level 4 in Shields
  4551 | D:5      | Reached XP level 7. HP: 37/61 MP: 7/7
  4752 | D:5      | Found a sparkling altar of Nemelex Xobeh.
  4753 | D:5      | Noticed Menkaure
  4774 | D:5      | Mangled by Menkaure

Vanquished Creatures
  A black bear (D:4)
  4 iguanas
  Ijyb (D:4)
  A scorpion zombie (D:4)
  2 orc wizards (D:4)
  A hound zombie (D:4)
  5 gnolls
  3 adders
  A white imp (D:5)
  A worm (D:3)
  A dart slug (D:3)
  2 orcs (D:4)
  A bat (D:2)
  6 endoplasms
  2 giant cockroaches
  3 goblins
  4 hobgoblins
  4 quokkas
  7 ball pythons
  4 frilled lizards
  6 kobolds
  5 rats
  A spectral goblin (D:1)
66 creatures vanquished.

Table legend: (Time is in decaauts)
 A = Elapsed time spent in this place.
 B = Non-inter-level travel time spent in this place.
 C = Inter-level travel time spent in this place.
 D = Time resting spent in this place.
 E = Time spent auto-exploring this place.
 F = Levels seen in this place.
 G = Mean time per level.
                   A        B        C        D        E       F      G
               +--------+--------+--------+--------+--------+-----+--------+
         Total |   4836 |   4629 |    207 |    653 |   3248 |   5 |  967.2 |
       Dungeon |   4836 |   4629 |    207 |    653 |   3248 |   5 |  967.2 |
               +--------+--------+--------+--------+--------+-----+--------+

Top non-repeatable levels by time:
     D:1: 1295 daAuts
     D:3: 1246 daAuts
     D:4: 1160 daAuts
     D:2: 808 daAuts
     D:5: 325 daAuts

Table legend:
 A = Non-vault XP
 B = Vault XP
 C = Vault XP percentage of total XP
 D = Non-vault monster count
 E = Vault monster count
 F = Vault count percentage of total count
                 A         B        C        D         E       F
            +---------+---------+-------+---------+---------+-------
      Total |     549 |      94 |  14.6 |      62 |       4 |   6.1
            +---------+---------+-------+---------+---------+-------
        D:1 |      44 |       1 |   2.2 |      19 |       1 |   5.0
        D:2 |      17 |       0 |   0.0 |      12 |       0 |   0.0
        D:3 |      79 |       0 |   0.0 |      13 |       0 |   0.0
        D:4 |     310 |      93 |  23.1 |      13 |       3 |  18.8
        D:5 |      99 |       0 |   0.0 |       5 |       0 |   0.0
            +---------+---------+-------+---------+---------+-------
